 Dungeon Crawl Stone Soup version 0.29-a0-719-g0fec994a2d (webtiles) character file.

Game seed: 13000181564432556197

27 CrazyBamboolord the Shooter (level 3, -1/28 HPs)
             Began as a Barachi Hunter on June 27, 2022.
             Succumbed to their own poison gas
             ... on level 2 of the Dungeon.
             The game lasted 00:01:52 (879 turns).

CrazyBamboolord the Shooter (Barachi Hunter)         Turns: 879, Time: 00:01:52

Health: -1/28      AC:  3    Str: 12    XL:     3   Next: 10%
Magic:  3/3        EV: 12    Int:  9    God:
Gold:   119        SH:  0    Dex: 17    Spells: 2/2 levels left

rFire   . . .      SeeInvis .   a - +0 shortbow
rCold   . . .      Faith    .   (shield currently unavailable)
rNeg    . . .      Spirit   .   c - +0 leather armour
rPois   .          Reflect  .   (no helmet)
rElec   .          Harm     .   (no cloak)
rCorr   .          Rampage  .   (no gloves)
Will    .....                   (no boots)
Stlth   ++........              (no amulet)
HPRegen 0.09/turn               (no ring)
MPRegen 0.08/turn               (no ring)

@: lethally poisoned (-1 -> -18), unable to hop, slow
A: amphibious, slowness 1, strong legs 1, +LOS
a: Hop


You were on level 2 of the Dungeon.
You visited 1 branch of the dungeon, and saw 2 of its levels.

You collected 119 gold pieces.

Inventory:

Hand Weapons
 a - a +0 shortbow (weapon)
 d - a +0 sling of flaming
Armour
 c - a +0 leather armour (worn)
Scrolls
 b - a scroll of immolation
 e - a scroll of identify {unknown}
 h - a scroll of poison
 i - a scroll of fog {unknown}
Potions
 f - a potion of might {unknown}
 g - 3 potions of curing {unknown}
 j - a potion of berserk rage {unknown}


   Skills:
 * Level 2.6 Fighting
 * Level 4.7 Ranged Weapons
 * Level 0.8 Armour
 * Level 2.3 Dodging
 + Level 0.8 Stealth


You had 2 spell levels left.
You didn't know any spells.
Your spell library contained the following spells:

 Spells                   Type           Power      Damage    Failure   Level
 Call Canine Familiar     Summ           0%         N/A       83%         3
 Portal Projectile        Hex/Tloc       0%         N/A       83%         3
 Leda's Liquefaction      Hex/Erth       0%         N/A       99%         4


Dungeon Overview and Level Annotations

Branches:
Dungeon (2/15)

Altars:


Innate Abilities, Weirdness & Mutations

You are amphibious.
You cover ground slowly.
You can hop short distances.
You have an extended range of vision and can be seen from far away.


Message History

A goblin comes into view. It is wielding a +0 club.
A goblin is nearby!
A goblin is nearby!
You shoot an arrow. The arrow hits the goblin!
You kill the goblin!
No target in view!
Key pressed, stopping explore.
No target in view!
Things that are here:
a +0 club; a +0 sling; a goblin corpse No target in view!
A black bear comes into view.
The black bear growls angrily.
A black bear is nearby!
A black bear is nearby!
You shoot an arrow.
The arrow hits the black bear but does no damage.
The black bear bites you.
The black bear claws you but does no damage.
The black bear claws you.
You shoot an arrow.
The arrow closely misses the black bear.
The black bear bites you. The black bear claws you. x2
Hop to where?
Press: ? - help, Dir - move target, p - black bear Boing!
Unknown command.
The air fills with toxic fumes!
As you read the scroll labelled FUAR PEDGHAOH, it crumbles to dust.
It was a scroll of poison.
The black bear bites you.
The black bear claws you but does no damage. x2
Really walk into that cloud of poison gas?
You are engulfed in poison gas.
You are poisoned.
* * * LOW HITPOINT WARNING * * *
x2 You feel very sick.
You are engulfed in poison gas.
You are more poisoned.
* * * LOW HITPOINT WARNING * * *
You die...

..... #.#.....)...#
......##.#.#.####.##
#.......#.# #.#
#####.###.# #.#
#.###.# ##.# #.<...#
#§.# ####### #§##
#§# #@# #§### #§h§#
###.# #§# #.#
#.########.#
#........#.#
....#####.#.####


You could see a black bear.

Vanquished Creatures
  2 ball pythons (D:1)
  3 endoplasms (D:1)
  5 goblins
  4 jackals (D:1)
  4 kobolds (D:1)
  2 quokkas (D:1)
  A bat (D:1)
  2 frilled lizards (D:1)
  A rat (D:1)
24 creatures vanquished.

Notes
Turn   | Place    | Note
-------+----------+-------------------------------------------
     0 | D:1      | CrazyBamboolord the Barachi Hunter began the quest for the
                  | Orb.
     0 | D:1      | Reached XP level 1. HP: 17/17 MP: 1/1
    92 | D:1      | Reached XP level 2. HP: 23/23 MP: 2/2
   607 | D:1      | Reached XP level 3. HP: 28/28 MP: 3/3
   866 | D:2      | Noticed a black bear
   879 | D:2      | Succumbed to their own poison gas

Illustrated notes

Levels and vault maps discovered:
D:1:      psy_arrival_whirlpool, layout_basic, dreamdust_wishing_well
D:2:      layout_loops_cross, shapermc_ecumenical_altar_ellora, uniq_robin,
          uniq_jessica

Action                   || total
-------------------------++-------
 Fire: Shortbow          ||    55
 Abil: Hop               ||     1
  Use: Scroll            ||     1
Armor: Leather armour    ||     6
Dodge: Dodged            ||    13

Table legend: (Time is in decaauts)
 A = Elapsed time spent in this place.
 B = Non-inter-level travel time spent in this place.
 C = Inter-level travel time spent in this place.
 D = Time resting spent in this place.
 E = Time spent auto-exploring this place.
 F = Levels seen in this place.
 G = Mean time per level.
                   A        B        C        D        E       F      G
               +--------+--------+--------+--------+--------+-----+--------+
         Total |   1040 |    919 |    121 |      0 |    777 |   2 |  520.0 |
       Dungeon |   1040 |    919 |    121 |      0 |    777 |   2 |  520.0 |
               +--------+--------+--------+--------+--------+-----+--------+

Top non-repeatable levels by time:
     D:1: 972 daAuts
     D:2: 68 daAuts
